 Dungeon Crawl Stone Soup version 0.21.1-1-g345015f (webtiles) character file.

18 tidbits the Charmwright (level 2, -1/26 HPs)
             Began as a Gnoll Skald on June 18, 2018.
             Slain by a scorpion (2 damage)
             ... on level 4 of the Dungeon.
             The game lasted 00:03:05 (357 turns).

tidbits the Charmwright (Gnoll Skald)                Turns: 357, Time: 00:03:06

Health: -1/26      AC:  3    Str: 13    XL:     2   Next: 70%
Magic:  0/7        EV: 14    Int: 22    God:
Gold:   107        SH:  0    Dex: 14    Spells: 5/10 levels left

rFire    . . .     SeeInvis .   b - +0 hand axe
rCold    . . .     Gourm    .   (no shield)
rNeg     . . .     Faith    .   e - +0 leather armour
rPois    .         Spirit   .   (no helmet)
rElec    .         Reflect  .   (no cloak)
rCorr    .         Harm     .   (no gloves)
MR       .....                  (no boots)
Stlth    +.........             (no amulet)
HPRegen  0.08/turn              g - +2 ring of intelligence
MPRegen  0.10/turn              (no ring)

@: brilliant, infused
A: distributed training, fangs 1, strong nose
a: no special abilities


You were on level 4 of the Dungeon.
You were not hungry.

You visited 1 branch of the dungeon, and saw 4 of its levels.

You collected 107 gold pieces.

Inventory:

Hand Weapons
 a - a +0 dagger
 b - a +0 hand axe (weapon)
 f - a +2 hunting sling of velocity
   (You found it on level 1 of the Dungeon)
Missiles
 k - 21 sling bullets
 m - 21 arrows
 o - 7 tomahawks (quivered)
Armour
 e - a +0 leather armour (worn)
Jewellery
 g - a +2 ring of intelligence (left hand)
   (You found it on level 1 of the Dungeon)
Scrolls
 h - a scroll of identify {unknown}
 i - 2 scrolls of remove curse {unknown}
 j - a scroll of teleportation {unknown}
Books
 c - a book of Battle

   Spells                             Type                      Level
   a - Infusion                       Charms                       1
   b - Shroud of Golubria             Charms/Translocation         2
   c - Song of Slaying                Charms                       2
   d - Spectral Weapon                Hexes/Charms                 3
   e - Regeneration                   Charms/Necromancy            3
Comestibles
 d - 7 rations


   Skills:
 + Level 4.5 Fighting
 + Level 0.5 Short Blades
 + Level 0.5 Long Blades
 + Level 4.5 Axes
 + Level 0.5 Maces & Flails
 + Level 0.5 Polearms
 + Level 0.5 Staves
 + Level 0.5 Slings
 + Level 0.5 Bows
 + Level 0.5 Crossbows
 + Level 0.5 Throwing
 + Level 2.5 Armour
 + Level 4.5 Dodging
 + Level 0.5 Stealth
 + Level 0.5 Shields
 + Level 0.5 Unarmed Combat
 + Level 4.9 Spellcasting
 + Level 0.3 Conjurations
 + Level 0.3 Hexes
 + Level 5.3 Charms
 + Level 0.3 Summonings
 + Level 0.3 Necromancy
 + Level 0.3 Translocations
 + Level 0.3 Transmutations
 + Level 0.3 Fire Magic
 + Level 0.3 Ice Magic
 + Level 0.3 Air Magic
 + Level 0.3 Earth Magic
 + Level 0.3 Poison Magic
 + Level 0.6 Invocations
 + Level 0.5 Evocations


You had 5 spell levels left.
You knew the following spells:

 Your Spells              Type           Power        Failure   Level  Hunger
g - Shroud of Golubria    Chrm/Tloc      ####......   1%          2    None
i - Infusion              Chrm           ####         1%          1    None
y - Song of Slaying       Chrm           #####...     1%          2    None


Dungeon Overview and Level Annotations

Branches:
Dungeon (4/15)
 Temple: D:4-7

Altars:
Nemelex Xobeh


Innate Abilities, Weirdness & Mutations

Your experience applies equally to all skills.
You have very sharp teeth.
Your uncanny sense of smell can sniff out nearby items.


Message History

There is a stone staircase leading up here.
You climb upwards.
The kobold shouts!
Found 7 tomahawks, 20 stones and 15 gold pieces.
There is a stone staircase leading down here.
Unknown command.
Casting: Infusion
Confirm with . or Enter, or press ? or * to list all spells.
You begin infusing your attacks with magical energy.
The kobold hits you but does no damage.
You hit the kobold!
You kill the kobold!
You see here 15 gold pieces.
You now have 107 gold pieces (gained 15).
You see here 7 tomahawks.
o - 7 tomahawks Your magical infusion is running out.
You are no longer magically infusing your attacks.
There is a stone staircase leading down here.
You climb downwards.
There is a stone staircase leading up here.
Unknown command.
The kobold shouts!
The kobold throws a stone.
The stone hits you.
You see here a stone.
There is a stone staircase leading down here.
The kobold throws a stone.
The stone misses you.
You climb downwards.
A scorpion comes into view.
Found a dagger.
There is a stone staircase leading up here.
Casting: Infusion
Confirm with . or Enter, or press ? or * to list all spells.
Space distorts slightly along a thin shroud covering your body.
Casting: Shroud of Golubria
Confirm with . or Enter, or press ? or * to list all spells.
You begin infusing your attacks with magical energy.
An orc comes into view. It is wielding a dagger.
The orc shouts!
You hear a shout!
The orc moves out of view.
An orc comes into view.
There is a stone staircase leading up here.
Unknown command.
You hit the scorpion.
The scorpion is lightly wounded.
The scorpion stings you.
You barely miss the scorpion.
The scorpion is lightly wounded.
The scorpion misses you. The scorpion completely misses you.
A giant cockroach comes into view.
You slash the scorpion!
The scorpion is heavily wounded.
The scorpion misses you.
You hit the scorpion.
The scorpion is severely wounded.
The scorpion stings you!
* * * LOW HITPOINT WARNING * * *
You closely miss the scorpion.
The scorpion is severely wounded.
You hit the orc! The orc hits you but does no damage.
The scorpion closely misses you.
You hit the scorpion.
The scorpion is severely wounded.
You hit the orc.
You kill the orc!
The scorpion stings you.
* * * LOW HITPOINT WARNING * * *
You are lethally poisoned!
The scorpion poisons you!
Your shroud falls apart!
Unknown command.
You barely miss the scorpion.
The scorpion is severely wounded.
You hit the giant cockroach.
* * * LOW HITPOINT WARNING * * *
You feel sick. The giant cockroach bites you.
* * * LOW HITPOINT WARNING * * *
The scorpion barely misses you.
It was a potion of brilliance.
You feel clever all of a sudden.
* * * LOW HITPOINT WARNING * * *
You feel sick. The giant cockroach barely misses you. The scorpion misses you.
It was a potion of curing.
You feel better. The giant cockroach closely misses you.
The scorpion stings you.
* * * LOW HITPOINT WARNING * * *
You hit the scorpion.
The scorpion is severely wounded.
You barely miss the giant cockroach. The giant cockroach misses you.
The scorpion stings you.
* * * LOW HITPOINT WARNING * * *
The giant cockroach completely misses you.
You hit the scorpion but do no damage.
The scorpion is severely wounded.
You closely miss the giant cockroach. The scorpion misses you.
The giant cockroach bites you.
* * * LOW HITPOINT WARNING * * *
You closely miss the scorpion.
The scorpion is severely wounded.
You barely miss the giant cockroach. The scorpion stings you.
You die...

.# ##.∆ ∆ #..
#.## #.. ∆ .
########.# .o.
.........###....
#.....@s.....#.
####..s........
###.........
...........
.............
#.............
#####.........
##......).
##.....#.


You could see a scorpion and a giant cockroach.

Vanquished Creatures
  An ooze (D:1)
  2 orcs
  A goblin (D:1)
  2 hobgoblins
  A bat (D:3)
  A frilled lizard (D:3)
  3 kobolds
  A rat (D:1)
12 creatures vanquished.

Notes
Turn   | Place    | Note
-------+----------+-------------------------------------------
     0 | D:1      | tidbits the Gnoll Skald began the quest for the Orb.
     0 | D:1      | Reached XP level 1. HP: 20/20 MP: 6/6
    37 | D:1      | Reached XP level 2. HP: 13/26 MP: 2/7
    41 | D:1      | Learned a level 2 spell: Song of Slaying
    44 | D:1      | Learned a level 2 spell: Shroud of Golubria
   180 | D:3      | Found a sparkling altar of Nemelex Xobeh.
   341 | D:4      | Noticed a scorpion
   355 | D:4      | HP: 1/26 [scorpion (6)]
   357 | D:4      | Slain by a scorpion

Action                   || total
-------------------------++-------
Melee: Hand axe          ||    36
       Dagger            ||     3
 Cast: Infusion          ||     7
       Shroud of Golubri ||     1
  Use: Potion            ||     2
Armor: Leather armour    ||     5
Dodge: Dodged            ||    25

Table legend:
 A = Turns spent in this place as a percentage of turns spent in the entire game.
 B = Non-inter-level travel turns spent in this place as a percentage of non-inter-level travel turns spent in the entire game.
 C = Inter-level travel turns spent in this place as a percentage of turns spent in this place.
 D = Turns resting spent in this place as a percentage of non-inter-level travel turns spent in this place.
 E = Turns spent auto-exploring this place as a percentage of non-inter-level travel turns spent in this place.
 F = Non-inter-level travel turns spent in this place divided by the number of levels of this place that you've seen.
                   A       B       C       D       E      F
               +-------+-------+-------+-------+-------+----------------------
         Total | 100.0 | 100.0 |   0.0 |   0.0 |   0.0 |  89.2
       Dungeon | 100.0 | 100.0 |   0.0 |   0.0 |   0.0 |  89.2
               +-------+-------+-------+-------+-------+----------------------

Table legend:
 A = Kills in this place as a percentage of kills in entire the game.
 B = Kills by you in this place as a percentage of kills by you in the entire game.
 C = Kills by friends in this place as a percentage of kills by friends in the entire game.
 D = Other kills in this place as a percentage of other kills in the entire game.
 E = Experience gained in this place as a percentage of experience gained in the entire game.
 F = Experience gained in this place divided by the number of levels of this place that you have seen.
                   A       B       C       D       E      F
               +-------+-------+-------+-------+-------+----------------------
         Total | 100.0 | 100.0 |   N/A |   N/A | 100.0 |   6.8
       Dungeon | 100.0 | 100.0 |   N/A |   N/A | 100.0 |   6.8
               +-------+-------+-------+-------+-------+----------------------

Vault maps used:
D:1:      kennysheep_arrival_forest, minmay_misc_feat_x, glass_columns_a
D:2:      uniq_terence
D:3:      nicolae_dithmenos_through_a_glass_darkly, overflow_temple_1_default,
          lemuel_doored_altar, kennysheep_nondescript
D:4:      gammafunk_temple_overflow_statue, grunt_ministairs_6,
          kennysheep_pointless_box
